 Dungeon Crawl Stone Soup version 0.30-a0-743-gbfdf073431 (webtiles) character file.

Game seed: 9702331713777586471

2148 kiwi3s the Cleaver (level 9, -9/79 HPs)
             Began as a Minotaur Berserker on Feb 7, 2023.
             Was an Elder of Trog.
             Killed from afar by an acid dragon (15 damage)
             ... with a splash of acid
             ... on level 7 of the Dungeon.
             The game lasted 00:05:20 (5905 turns).

kiwi3s the Cleaver (Minotaur Berserker)             Turns: 5905, Time: 00:05:21

Health: -9/79      AC: 11    Str: 27    XL:     9   Next: 9%
Magic:  8/8        EV:  9    Int:  4    God:    Trog [****..]
Gold:   401        SH:  0    Dex:  9    Spells: 8/8 levels left

rFire   . . .      SeeInvis .    a - +0 hand axe
rCold   . . .      Faith    .    (no shield)
rNeg    . . .      Spirit   .    v - +0 chain mail
rPois   .          Reflect  .    (helmet restricted)
rElec   .          Harm     .    s - scarf {repulsion}
rCorr   .          Rampage  .    (no gloves)
Will    .....                    (no boots) Stlth
                                 (no amulet)
HPRegen 0.33/turn                (no ring)
MPRegen 0.11/turn                (no ring)

@: on berserk cooldown, slowed, invisible, repel missiles, very slow
A: horns 2, retaliatory headbutt
a: Renounce Religion, Berserk, Trog's Hand, Brothers in Arms


You were on level 7 of the Dungeon.
You worshipped Trog.
Trog was greatly pleased with you.
You visited 1 branch of the dungeon, and saw 7 of its levels.

You collected 401 gold pieces.

Inventory:

Hand Weapons
 a - a +0 hand axe (weapon)
 A - the +6 dagger of Ubiquitous Absolution {flame, Int+4}
   (You found it on level 5 of the Dungeon)

   Int:       It affects your intelligence (+4).
Missiles
 B - a throwing net (quivered)
Armour
 b - a +0 animal skin
 n - a +0 scale mail
 q - a +0 cloak
 s - a scarf of repulsion (worn)
 v - a +0 chain mail (worn)
Wands
 D - a wand of charming (9)
Scrolls
 e - a scroll of fog {unknown}
 i - 2 scrolls of identify {unknown}
 k - 2 scrolls of enchant armour {unknown}
 l - 4 scrolls of noise
 m - a scroll of teleportation {unknown}
 p - a scroll of enchant weapon {unknown}
 r - 2 scrolls of blinking {unknown}
 u - 2 scrolls of vulnerability {unknown}
 x - a scroll of fear {unknown}
 y - 2 scrolls of immolation {unknown}
 C - a scroll of silence {unknown}
Potions
 c - a potion of resistance {unknown}
 d - a potion of attraction {unknown}
 f - a potion of haste {unknown}
 g - a potion of ambrosia {unknown}
 h - a potion of invisibility
 j - a potion of heal wounds {unknown}
 o - 3 potions of mutation {unknown}
 t - 3 potions of berserk rage {unknown}
 w - 3 potions of curing {unknown}
 z - 2 potions of brilliance {unknown}


   Skills:
 + Level 7.4 Fighting
 + Level 10.1 Axes
 + Level 8.3 Armour
 + Level 3.9 Dodging


You had 8 spell levels left.
You didn't know any spells.
Your spell library was empty.

Dungeon Overview and Level Annotations

Branches:
Dungeon (7/15)             Temple (0/1) D:4

Altars:
Ashenzari
Uskayaw
Vehumet

Shops:
D:1 [


Innate Abilities, Weirdness & Mutations

You have a pair of horns on your head.
You reflexively headbutt those who attack you in melee.


Message History

Trog accepts your kill.
You can now call in reinforcements.
You feel sick.
The kobold brigand throws a curare-tipped dart.
The curare-tipped dart barely misses you.
Unknown command.
You barely miss the ice beast. Your headbutt misses the ice beast.
The ice beast is severely wounded.
You feel sick.
You slash the ice beast!
The ice beast is almost dead.
You are no longer berserk.
You are exhausted.
You feel yourself slow down. The ice beast barely misses you.
You furiously retaliate!
You headbutt the ice beast.
You kill the ice beast!
Trog accepts your kill.
As you read the scroll labelled ADAOVVOCRO, it crumbles to dust.
You hear a loud clanging noise!
It was a scroll of noise.
You feel sick.
You hear an angry growl.
You hear a shout!
The acid dragon bites you but does no damage.
The acid dragon claws you.
* * * LOW HITPOINT WARNING * * *
It was a potion of invisibility.
You fade into invisibility!
You feel sick.
The acid dragon bites you but does no damage.
The acid dragon misses you. The acid dragon barely misses you.
The acid dragon claws you but does no damage.
The kobold brigand throws a curare-tipped dart.
The curare-tipped dart hits the acid dragon.
Okay, then.
You feel sick.
You are no longer poisoned.
The acid dragon spits acid at something.
The splash of acid is repelled.
The acid dragon spits acid at something.
The acid dragon spits acid at something.
The splash of acid hits you!
You die...

#..... . ...... .#
#...... .. ...≈..[
#. #####†K!≈.). #.#
#.D.KKK$≈o.?
#.###.###yo|≈h[.
#.#...# ...≈...
#..@### #......
##..## ......
####...########.[...
+.............###..?
####...#####.## ###
##.## #...###
#.#...###.# #+#
#.........#


You could see an acid dragon (unable to see you, catching breath).

Vanquished Creatures
  2 water moccasins (D:7)
  2 black bears
  4 ice beasts
  An orc warrior (D:6)
  2 ogres
  A phantom (D:6)
  5 wights (D:6)
  2 killer bees (D:7)
  3 hounds (D:5)
  2 orc priests (D:6)
  3 jellies
  6 iguanas
  3 orc wizards (D:6)
  Robin (D:2)
  5 adders
  4 gnolls (D:5)
  2 worms (D:2)
  A dart slug (D:1)
  21 orcs
  7 bats
  2 endoplasms
  3 giant cockroaches
  14 goblins
  8 hobgoblins
  8 kobolds
  2 quokkas
  6 ball pythons
  4 frilled lizards
  7 rats
  2 bushes (D:3)
133 creatures vanquished.

Vanquished Creatures (others)
  2 plants (D:3)
2 creatures vanquished.

Grand Total: 135 creatures vanquished

Notes
Turn   | Place    | Note
-------+----------+-------------------------------------------
     0 | D:1      | kiwi3s the Minotaur Berserker began the quest for the Orb.
     0 | D:1      | Reached XP level 1. HP: 19/19 MP: 0/0
    53 | D:1      | Reached XP level 2. HP: 27/27 MP: 1/1
    60 | D:1      | Reached skill level 4 in Axes
   406 | D:1      | Reached ** piety under Trog
   451 | D:1      | Found Afyjot's Antique Armour Boutique.
   594 | D:1      | Reached XP level 3. HP: 29/33 MP: 2/2
   779 | D:2      | Found Lelimn's Distillery.
  1217 | D:2      | Noticed Robin
  1233 | D:2      | Killed Robin
  1234 | D:2      | Reached skill level 5 in Axes
  1234 | D:2      | Reached XP level 4. HP: 29/41 MP: 3/3
  1990 | D:3      | Identified the +1 robe "Furph" {Str+3}
  2027 | D:3      | Found a hide-covered altar of Uskayaw.
  2540 | D:4      | Found a staircase to the Ecumenical Temple.
  2593 | D:4      | Found a broken altar of Ashenzari.
  2593 | D:4      | Found a radiant altar of Vehumet.
  2689 | D:4      | Reached *** piety under Trog
  2756 | D:4      | Noticed an ogre
  2762 | D:4      | Killed an ogre
  2763 | D:4      | Reached XP level 5. HP: 33/47 MP: 4/4
  3113 | D:4      | Reached skill level 6 in Axes
  3265 | D:5      | Entered Level 5 of the Dungeon
  3267 | D:5      | Noticed an ice beast
  3282 | D:5      | Killed an ice beast
  3283 | D:5      | Reached skill level 5 in Fighting
  3283 | D:5      | Reached XP level 6. HP: 21/56 MP: 5/5
  3469 | D:5      | Identified the +6 dagger of Ubiquitous Absolution {flame,
                  | Int+4}
  3551 | D:5      | Reached skill level 7 in Axes
  3558 | D:5      | Reached skill level 5 in Armour
  3558 | D:5      | Reached XP level 7. HP: 37/61 MP: 6/6
  4131 | D:5      | Reached skill level 8 in Axes
  4641 | D:6      | Reached XP level 8. HP: 65/70 MP: 7/7
  5055 | D:6      | Reached skill level 9 in Axes
  5891 | D:7      | Reached XP level 9. HP: 24/79 MP: 8/8
  5896 | D:7      | Reached skill level 10 in Axes
  5897 | D:7      | Reached **** piety under Trog
  5905 | D:7      | Killed from afar by an acid dragon

Illustrated notes

Levels and vault maps discovered:
D:1:      dpeg_arrival_solitude, layout_loops_ring, serial_shops, shop
D:2:      layout_basic, serial_shops, nicolae_shop_statue_plus,
          kennysheep_potato, uniq_robin
D:3:      layout_loops_cross, nicolae_uskayaw_murder_on_the_dancefloor,
          serial_forest, infiniplex_forest_lined_2,
          infiniplex_forest_clump_large, infiniplex_forest_lined_2,
          infiniplex_forest_straight_2, infiniplex_forest_diagonal,
          infiniplex_forest_end_1, infiniplex_forest_straight_5
D:4:      layout_loops_cross, nicolae_overflow_two_pavilions,
          minmay_temple_entry_large_hall
D:5:      layout_cave_pools
D:6:      layout_loops_corners, minmay_crystal_room,
          hangedman_decor_clover_reticule, kennysheep_path_1
D:7:      cheibrodos_barr_body, layout_loops_corners,
          ebering_ghost_reflecting_pool, kennysheep_doodads, grunt_potential,
          uniq_crazy_yiuf_cottage, uniq_joseph, uniq_duvessa

Skill      XL: |  1  2  3  4  5  6  7  8  9 |
---------------+----------------------------+-----
Axes           | 4 5 6 7 8 9 10 | 10.1
Fighting       | 4 5 6 7 |  7.4
Armour         | 3 4 5 6 8 |  8.3
Dodging        | 3 |  3.9

Action                     |  1- 3 |  4- 6 |  7- 9 || total
---------------------------+-------+-------+-------++-------
  Melee: Hand axe          |    86 |   209 |   170 ||   465
         Headbutt          |    10 |    47 |    30 ||    87
         Punch             |       |     5 |     2 ||     7
 Invoke: Berserk           |       |     1 |     4 ||     5
    Use: Scroll            |       |       |     1 ||     1
         Potion            |       |       |     1 ||     1
 Armour: Animal skin       |    11 |       |       ||    11
         Scale mail        |    19 |    16 |       ||    35
         Chain mail        |       |    40 |    73 ||   113
  Dodge: Dodged            |    43 |    62 |    59 ||   164
         Repelled          |       |       |     3 ||     3

Table legend: (Time is in decaauts)
 A = Elapsed time spent in this place.
 B = Non-inter-level travel time spent in this place.
 C = Inter-level travel time spent in this place.
 D = Time resting spent in this place.
 E = Time spent auto-exploring this place.
 F = Levels seen in this place.
 G = Mean time per level.
                   A        B        C        D        E       F      G
               +--------+--------+--------+--------+--------+-----+--------+
         Total |   5933 |   5606 |    327 |    847 |   3882 |   7 |  847.6 |
       Dungeon |   5933 |   5606 |    327 |    847 |   3882 |   7 |  847.6 |
               +--------+--------+--------+--------+--------+-----+--------+

Top non-repeatable levels by time:
     D:6: 1588 daAuts
     D:5: 979 daAuts
     D:3: 917 daAuts
     D:2: 839 daAuts
     D:1: 783 daAuts
     D:4: 751 daAuts
     D:7: 74 daAuts
